AoeStats.net
1181 live
← back

QS Arena

503391663Analyzed
4v4 RM · 4h ago on Aug 31, 2026· 43m 50s· 8 players
Game mode
Random Map
Map size
Large (8 player)
Population
200
Speed
Normal
Resources
Standard
Victory
Conquest
Starting age
Dark Age
Ending age
Imperial Age
RankedLock teamsTeams togetherTeam positionsShared explorationLock speedFull tech treeHidden civsTurbo modeCheats
Victory
Defeat
🇭🇰 Khmer · Hong Kong SAR China
896
+16
🇭🇰 Inca · Hong Kong SAR China
860
+18
🇨🇱 Lithuanians · Chile
848
+18
🇨🇳 Persians · China
830
+19
🇲🇽 Spanish · Mexico
933
-19
🇵🇱 Poles · Poland
899
-18
🇨🇳 Shu · China
899
-18
🇪🇸 Japanese · Spain
865
-16
marcobecerrap
6:28 Feudal Age
8:40 Wheelbarrow
8:41 Double-Bit Axe
11:51 Castle Age
12:47 Horse Collar
14:08 Stone Mining
15:12 Bow Saw
17:03 Loom
22:37 Town Watch
26:06 Imperial Age
26:22 Fortified Wall
28:07 Hand Cart
28:08 Fletching
28:13 Ballistics
29:12 Gold Mining
29:14 Heavy Plow
29:17 Forging
29:18 Scale Barding Armor
29:32 Town Patrol
29:36 Masonry
30:11 Two-Man Saw
30:18 Bloodlines
30:19 Husbandry
30:38 Conscription
31:25 Iron Casting
31:26 Chain Barding Armor
31:29 Cavalier
31:32 Bodkin Arrow
31:32 Padded Archer Armor
32:49 Stone Shaft Mining
32:55 Capped Ram
33:02 Chemistry
33:03 Blast Furnace
34:38 Siege Ram
34:50 Plate Barding Armor
35:07 Bracer
35:07 Leather Archer Armor
Surfacegen
2:37 Loom
7:21 Feudal Age
11:12 Castle Age
12:50 Horse Collar
12:53 Double-Bit Axe
15:48 Bow Saw
19:48 Heavy Plow
20:39 Wheelbarrow
20:40 Town Watch
20:49 Treadmill Crane
25:38 Hand Cart
27:30 Imperial Age
28:01 Ballistics
28:27 Pikeman
28:29 Gambesons
29:14 Forging
29:14 Scale Mail Armor
30:44 Elite Samurai
31:34 Halberdier
32:06 Conscription
32:48 Chain Mail Armor
32:48 Scale Barding Armor
35:23 Light Cavalry
35:23 Bloodlines
35:24 Husbandry
36:22 Town Patrol
36:24 Iron Casting
36:24 Plate Mail Armor
38:20 Plate Mail Armor
38:20 Blast Furnace
giancarlo7
6:32 Feudal Age
8:44 Wheelbarrow
8:47 Horse Collar
8:52 Double-Bit Axe
12:19 Castle Age
12:49 Forging
13:10 Stone Mining
13:53 Scale Mail Armor
14:02 Gold Mining
14:33 Scale Barding Armor
17:25 Hand Cart
19:12 Bow Saw
22:20 Imperial Age
23:11 Szlachta Privileges
23:43 Chain Mail Armor
24:13 Chain Barding Armor
24:33 Iron Casting
25:36 Conscription
26:11 Husbandry
26:25 Plate Mail Armor
27:12 Cavalier
27:25 Heavy Plow
29:21 Blast Furnace
33:03 Fortified Wall
40:44 Light Cavalry
40:44 Bloodlines
42:41 Winged Hussar
阿土仔
0:04 Loom
9:43 Feudal Age
12:10 Double-Bit Axe
12:12 Gold Mining
12:15 Wheelbarrow
12:15 Town Watch
12:18 Horse Collar
14:04 Stone Mining
16:25 Castle Age
19:44 Hand Cart
19:44 Town Patrol
19:50 Bow Saw
20:41 Heavy Plow
21:32 Gold Shaft Mining
27:19 Imperial Age
27:36 Crossbowman
27:36 Thumb Ring
27:49 Padded Archer Armor
27:49 Fletching
29:36 Fortified Wall
29:37 Masonry
31:57 Conscription
32:53 Pikeman
32:53 Squires
32:53 Arson
32:54 Gambesons
33:41 Two-Man Saw
33:48 Leather Archer Armor
33:48 Bodkin Arrow
33:49 Scale Mail Armor
33:52 Caravan
34:43 Halberdier
35:24 Ring Archer Armor
35:24 Bracer
35:25 Forging
35:59 Arbalester
36:03 Elite Skirmisher
36:59 Chain Mail Armor
37:01 Architecture
37:02 Ballistics
37:02 Chemistry
38:52 Bolt Magazine
TILONXO
0:27 Loom
4:13 Feudal Age
10:14 Castle Age
15:37 Fervor
18:27 Sanctity
22:45 Gold Mining
22:49 Double-Bit Axe
22:51 Horse Collar
24:17 Bow Saw
26:13 Heavy Plow
28:45 Bloodlines
28:50 Imperial Age
30:20 Stone Mining
30:29 Forging
30:31 Scale Mail Armor
30:33 Scale Barding Armor
30:37 Husbandry
31:18 Wheelbarrow
31:19 Town Watch
32:02 Cavalier
32:49 Iron Casting
32:50 Fletching
32:55 Light Cavalry
33:19 Pikeman
33:20 Squires
34:29 Chemistry
34:31 Treadmill Crane
34:38 Conscription
35:26 Winged Hussar
35:31 Two-Man Saw
36:01 Hoardings
37:57 Halberdier
37:57 Arson
38:03 Crossbowman
38:03 Thumb Ring
38:06 Elite Skirmisher
38:07 Heavy Cavalry Archer
39:05 Bodkin Arrow
39:06 Chain Mail Armor
39:09 Chain Barding Armor
39:12 Ballistics
39:47 Bracer
39:47 Padded Archer Armor
40:51 Paladin
43:09 Leather Archer Armor
43:13 Plate Barding Armor
老歪
0:04 Loom
6:12 Feudal Age
11:43 Castle Age
12:08 Double-Bit Axe
13:04 Scale Mail Armor
13:10 Forging
13:24 Horse Collar
16:24 Heavy Plow
18:42 Gold Mining
19:46 Bow Saw
22:04 Wheelbarrow
24:04 Gold Shaft Mining
24:46 Hand Cart
26:53 Elite Skirmisher
26:54 Thumb Ring
27:24 Pikeman
29:03 Imperial Age
29:07 Stone Mining
30:33 Stone Shaft Mining
30:45 Squires
32:03 Andean Sling
32:45 Halberdier
32:56 Conscription
32:57 Fabric Shields
34:15 Caravan
34:49 Crop Rotation
35:40 Fletching
35:41 Padded Archer Armor
35:42 Iron Casting
35:42 Scale Mail Armor
36:59 Elite Kamayuk
37:45 Ballistics
37:46 Treadmill Crane
37:47 Murder Holes
37:52 Chemistry
39:22 Blast Furnace
39:23 Chain Mail Armor
39:24 Bodkin Arrow
39:24 Leather Archer Armor
LQuan
6:51 Feudal Age
9:06 Horse Collar
9:10 Double-Bit Axe
11:50 Castle Age
13:26 Forging
14:56 Heavy Plow
15:40 Scale Mail Armor
17:02 Iron Casting
17:05 Pikeman
20:06 Loom
20:13 Bow Saw
20:44 Wheelbarrow
20:48 Chain Mail Armor
27:22 Imperial Age
27:26 Padded Archer Armor
28:51 Fletching
29:05 Ballistics
29:47 Masonry
30:33 Arson
31:23 Conscription
32:31 Gold Mining
32:32 Stone Mining
32:48 Crop Rotation
35:04 Chemistry
35:05 Architecture
35:21 Bodkin Arrow
35:22 Leather Archer Armor
35:42 Elite Skirmisher
36:36 Halberdier
40:31 Gold Shaft Mining
游侠不语只会屠民
7:35 Feudal Age
10:48 Castle Age
11:10 Double-Bit Axe
11:10 Horse Collar
14:10 Bow Saw
20:19 Wheelbarrow
21:47 Heavy Plow
21:51 Gold Mining
21:53 Stone Mining
22:30 Gold Shaft Mining
24:39 Imperial Age
24:43 Hand Cart
24:57 Scale Barding Armor
24:58 Forging
25:01 Husbandry
25:01 Bloodlines
26:20 Loom
27:41 Elite War Elephant
27:46 Chain Barding Armor
27:46 Iron Casting
28:50 Plate Barding Armor
29:13 Conscription
31:00 Blast Furnace
33:00 Devotion
40:35 Kamandaran
40:37 Hoardings
41:31 Padded Archer Armor
41:32 Fletching
41:38 Crossbowman
42:02 Thumb Ring
42:21 Faith
42:45 Chemistry
42:46 Ballistics
Connection lost

Rejoining the realm…

Still unreachable

The connection could not be restored.

Session expired

The server has moved on; the page needs a fresh start.